 Dungeon Crawl Stone Soup version 0.27-a0-156-gbcd94eb011 (webtiles) character file.

Game seed: 15520640401047538094

68686 dickylongcocking the Transmogrifier (level 14, -10/87 HPs)
             Began as a Spriggan Venom Mage on Jan 26, 2021.
             Was an Initiate of Gozag.
             Mangled by a death yak (13 damage)
             ... on level 5 of the Lair of Beasts on Jan 28, 2021.
             The game lasted 00:41:31 (27426 turns).

dickylongcocking the Transmogrifier (SpVM)         Turns: 27426, Time: 00:41:32

Health: -10/87     AC: 28    Str:  4    XL:     14   Next: 87%
Magic:  30/30      EV: 22    Int: 21    God:    Gozag
Gold:   1937       SH:  0    Dex: 17    Spells: 12/36 levels left

rFire    . . .     SeeInvis +   f - +2 lajatang (elec)
rCold    . . .     Faith    .   (shield currently unavailable)
rNeg     + . .     Spirit   .   (armour currently unavailable)
rPois    ∞         Reflect  .   (helmet restricted)
rElec    +         Harm     .   x - +0 cloak
rCorr    .         Rampage  .   (gloves unavailable)
Will     ++...                  (boots unavailable)
Stlth    +++++.....             o - amulet of magic regeneration
HPRegen  0.24/turn              y - ring of poison resistance
MPRegen  0.47/turn              (no ring)

@: statue-form, very slow
A: very small, unfitting armour, see invisible
a: End Transformation, Renounce Religion, Potion Petition, Call Merchant, Bribe
Branch


You were on level 5 of the Lair of Beasts.
You worshipped Gozag.
Gozag was most pleased with you.
You were a stone statue.
You visited 4 branches of the dungeon, and saw 21 of its levels.
You also visited: Sewer and Ice Cave.

You collected 6621 gold pieces.
You spent 1548 gold pieces at shops.
You paid 3136 gold pieces to Gozag.

Inventory:

Hand Weapons
 b - a +1 antimagic dagger
 f - a +2 lajatang of electrocution (weapon)
 p - a +0 dagger
 I - a +1 spectral lajatang
 M - a +4 dagger of chaos
 P - a +6 quarterstaff of speed
Armour
 a - a +0 robe
 x - a +0 cloak (worn)
 D - the +2 robe of Refuge (melded) {Rampage Int+2}
   (You found it on level 7 of the Dungeon)

   It affects your intelligence (+2).
   It bestows one free step when moving towards enemies.
Jewellery
 k - an uncursed amulet of reflection
 o - an amulet of magic regeneration (around neck)
 q - an uncursed amulet of the acrobat {unknown}
 y - a ring of poison resistance (left hand)
 L - an uncursed amulet of guardian spirit {unknown}
 R - the ring "Layci" {rF- rN+ Str+6 Stlth+}
   (You found it on level 12 of the Dungeon)

   [ring of strength]

   It affects your strength (+6).
   It makes you vulnerable to fire.
   It protects you from negative energy.
   It makes you more stealthy.
Wands
 w - a wand of flame (21)
 A - a wand of random effects (22)
 B - a wand of digging (7)
 C - a wand of mindburst (5)
 G - a wand of polymorph (7)
 H - a wand of enslavement (5)
 K - a wand of paralysis (1)
 V - a wand of acid (7)
Scrolls
 c - 2 scrolls of identify
 e - 5 scrolls of amnesia
 h - 3 scrolls of magic mapping
 m - 11 scrolls of teleportation
 t - 2 scrolls of fog
 F - 7 scrolls of remove curse
 J - 3 scrolls of immolation
 O - a scroll of enchant armour
 U - a scroll of enchant weapon
Potions
 d - 2 potions of attraction
 g - 7 potions of haste
 i - 2 potions of invisibility
 j - 4 potions of brilliance
 l - 2 potions of might
 n - 4 potions of degeneration
 s - 8 potions of mutation {unknown}
 u - 3 potions of flight {unknown}
 z - 3 potions of curing
 N - 2 potions of resistance {unknown}
 Q - 3 potions of magic
 T - a potion of lignification {unknown}
Miscellaneous
 v - a lightning rod (4/4)
 E - a box of beasts (inert)
 S - a phantom mirror (inert)


   Skills:
 - Level 4.4 Fighting
 * Level 6.5 Staves
 - Level 7.0 Dodging
 * Level 10.6 Stealth
 - Level 11.7 Spellcasting
 * Level 4.6 Conjurations
 * Level 13.0 Transmutations
 - Level 5.3 Fire Magic
 + Level 1.3 Air Magic
 * Level 10.1 Earth Magic
 - Level 10.4 Poison Magic
 * Level 10.3 Evocations


You had 12 spell levels left.
You knew the following spells:

 Your Spells              Type           Power        Failure   Level
a - Sting                 Tmut/Pois      100%         1%          1
b - Bolt of Magma         Conj/Fire/Erth 20%          10%         5
d - Olgreb's Toxic Radia  Pois           54%          1%          4
i - Ignite Poison         Fire/Tmut/Pois 51%          1%          3
p - Poisonous Vapours     Pois/Air       74%          1%          2
x - Mephitic Cloud        Conj/Pois/Air  35%          1%          3
z - Statue Form           Tmut/Erth      38%          7%          6

Your spell library contained the following spells:

 Spells                   Type           Power        Failure   Level
 Shock                    Conj/Air       100%         1%          1
 Swiftness                Air            18%          4%          2
 Static Discharge         Conj/Air       25%          4%          3
 Animate Skeleton         Necr           24%          5%          1
 Corona                   Hex            13%          5%          1
 Pain                     Necr           48%          5%          1
 Dazzling Flash           Conj/Hex       44%          6%          3
 Leda's Liquefaction      Hex/Erth       16%          7%          4
 Ensorcelled Hibernation  Hex/Ice        24%          9%          2
 Confusing Touch          Hex            12%          16%         3
 Tukima's Dance           Hex            12%          16%         3
 Vampiric Draining        Necr           6%           16%         3
 Fireball                 Conj/Fire      16%          19%         5
 Airstrike                Air            9%           30%         4
 Iron Shot                Conj/Erth      21%          36%         6
 Lightning Bolt           Conj/Air       12%          41%         5
 Animate Dead             Necr           6%           47%         4
 Starburst                Conj/Fire      16%          71%         6
 Agony                    Necr           12%          83%         5
 Ignition                 Fire           17%          100%        8
 Shatter                  Erth           26%          100%        9


Dungeon Overview and Level Annotations

Branches:
Dungeon (12/15)            Temple (1/1) D:5            Lair (6/6) D:9
  Swamp (0/4) Lair:2       Spider (0/4) Lair:4        Slime (0/5) Lair:6
    Orc (2/2) D:11            Elf (0/3) Orc:2         Sewer (visited)
  IceCv (visited)

Altars:
Ashenzari
Cheibriados
Dithmenos
Elyvilon
Fedhas
Gozag
Hepliaklqana
Kikubaaqudgha
Makhleb
Nemelex Xobeh
Okawaru
Qazlal
Ru
Sif Muna
Trog
Uskayaw
Vehumet
Wu Jian
Xom
Yredelemnul
Zin
The Shining One
Jiyva

Shops:
D:11 (*   Orc:2 **[!   Lair:4 (

Annotations:
D:12 Azrael
Lair:2 exclusion: 2 oklob plants


Innate Abilities, Weirdness & Mutations

You are very small and have problems with some larger weapons.
You are too small for most types of armour.
You have supernaturally acute eyesight. (SInv)
((You cover ground extremely quickly.))


Message History

The death yak is almost dead.
The death yak closely misses you. The death yak barely misses you.
Unknown command.
You hit the death yak but do no damage.
The death yak is almost dead.
The death yak gores you.
* * * LOW HITPOINT WARNING * * *
The death yak barely misses you.
Unknown command.
You hit the death yak but do no damage.
The death yak is almost dead.
The death yak misses you.
Unknown command.
You hit the death yak but do no damage.
The death yak is almost dead.
The death yak gores you!!
* * * LOW HITPOINT WARNING * * *
The death yak gores you!
You die...
Your body crumbles into a pile of gold.

#..............................
#....#...P..)..................
###..............................
.##.....(........................
.................................
.#...............................
.................................
.#........(....................P#
#.........(.....8Y...............
.............................#...
.............................#...
............................P..#.
..........................#..P#..
.........................########
........).................# #
..........................## ###
P#.......................PP####..


You could see a death yak.

Vanquished Creatures
  Saint Roka (Orc:2)
  Gastronok (Orc:1)
  An orc warlord (Orc:1)
  A frost giant (IceCv)
  Josephine (Lair:5)
  6 hydras
  Harold (D:7)
  A boulder beetle (Lair:4)
  A catoblepas (Lair:4)
  3 two-headed ogres
  7 death yaks
  5 orc high priests (Orc:2)
  Sonja (D:12)
  An unseen horror (D:12)
  Pikel (D:8)
  A lindwurm (Lair:3)
  An ugly thing (D:11)
  2 orc knights
  An orc sorcerer (Orc:2)
  A manticore (D:11)
  4 elephants (Lair:4)
  Joseph (D:8)
  2 ice statues (IceCv)
  Psyche (D:10)
  9 cane toads
  4 black mambas
  2 rime drakes
  6 komodo dragons
  5 jumping spiders (Lair:4)
  4 trolls
  13 polar bears
  A tyrant leech (Lair:2)
  10 blink frogs
  7 dream sheep (Lair:4)
  A redback (Lair:4)
  3 wraiths (Lair:5)
  9 wyverns
  52 yaks
  4 basilisks
  Grum (D:8)
  4 wargs (Orc:1)
  A soldier ant (D:11)
  2 swamp worms (Lair:2)
  13 water moccasins
  37 orc warriors
  An ice beast (D:8)
  5 black bears
  2 sky beasts
  12 ogres
  5 centaurs
  19 wolves
  4 lemures (D:8)
  10 bullfrogs
  A big kobold (D:10)
  A gnoll sergeant (D:6)
  7 scorpions
  A water moccasin skeleton (D:7)
  15 wights
  15 killer bees
  2 electric eels
  5 howler monkeys
  A bullfrog zombie (D:7)
  A centaur zombie (D:10)
  4 hounds
  A gnoll shaman (D:9)
  23 orc priests
  13 orc wizards
  2 bullfrog skeletons
  Ijyb (D:4)
  A centaur skeleton (D:11)
  Terence (D:3)
  5 iguanas
  8 worker ants
  A hound zombie (D:11)
  2 hound skeletons
  Robin (D:3)
  4 worker ant zombies
  13 gnolls
  20 adders
  A shadow imp (D:7)
  17 white imps
  An ufetubus (D:6)
  3 oozes
  2 adder skeletons
  3 adder zombies
  2 worms
  3 dart slugs
  8 leopard geckos
  105 orcs
  8 bats
  8 giant cockroaches
  22 goblins
  13 hobgoblins
  12 jackals
  5 quokkas
  3 ball pythons
  A ball python skeleton (D:2)
  A ball python zombie (D:2)
  10 frilled lizards
  18 kobolds
  2 quokka skeletons
  A quokka zombie (D:7)
  10 rats
700 creatures vanquished.

Vanquished Creatures (collateral kills)
  A hydra (Lair:6)
  A death yak (Lair:6)
  A water moccasin (Lair:6)
  A wolf (IceCv)
4 creatures vanquished.

Vanquished Creatures (others)
  A polar bear (IceCv)
  A warg (Orc:2)
  18 fungi
  59 plants
  5 withered plants (D:2)
84 creatures vanquished.

Grand Total: 788 creatures vanquished

Notes
Turn   | Place    | Note
-------+----------+-------------------------------------------
     0 | D:1      | dickylongcocking the Spriggan Venom Mage began the quest
                  | for the Orb.
     0 | D:1      | Reached XP level 1. HP: 9/9 MP: 5/5
     2 | D:1      | Noticed a vine stalker
     2 | D:1      | Noticed a troll
     4 | D:1      | Noticed a gargoyle
     4 | D:1      | Noticed a demonspawn
     6 | D:1      | Noticed a dwarf
     6 | D:1      | Noticed a halfling
     8 | D:1      | Noticed an octopode
     8 | D:1      | Noticed a draconian
    10 | D:1      | Noticed a demigod
    10 | D:1      | Noticed a human
    12 | D:1      | Noticed a naga
    14 | D:1      | Noticed an ogre
    14 | D:1      | Noticed a minotaur
    16 | D:1      | Noticed a centaur
    18 | D:1      | Noticed a formicid
    18 | D:1      | Noticed a merfolk
    20 | D:1      | Noticed a spriggan
    20 | D:1      | Noticed a ghoul
    22 | D:1      | Noticed a tengu
    22 | D:1      | Noticed an elf
    24 | D:1      | Noticed a vampire
    26 | D:1      | Noticed a felid
   153 | D:1      | Reached XP level 2. HP: 13/13 MP: 0/7
   701 | D:1      | Reached XP level 3. HP: 13/16 MP: 5/8
  1190 | D:1      | Learned a level 3 spell: Mephitic Cloud
  1906 | D:2      | Reached XP level 4. HP: 21/21 MP: 3/10
  2033 | D:2      | Learned a level 2 spell: Poisonous Vapours
  2077 | D:2      | Learned a level 3 spell: Ignite Poison
  2209 | D:2      | Reached skill level 2 in Transmutations
  2659 | D:2      | Upgraded the game from 0.27-a0-148-g9515ab555c to
                  | 0.27-a0-156-gbcd94eb011
  3158 | D:3      | Reached XP level 5. HP: 24/24 MP: 6/11
  3335 | D:3      | Found a glowing drain.
  3344 | Sewer    | Entered a sewer
  3644 | Sewer    | Reached skill level 3 in Transmutations
  4608 | D:3      | Noticed Robin
  4611 | D:3      | Killed Robin
  5192 | D:3      | Reached skill level 5 in Poison Magic
  5388 | D:3      | Reached XP level 6. HP: 28/28 MP: 7/14
  5531 | D:3      | Noticed Terence
  5578 | D:3      | Killed Terence
  5579 | D:3      | Reached skill level 4 in Transmutations
  6223 | D:4      | Found a blossoming altar of Fedhas.
  6227 | D:4      | Reached skill level 5 in Spellcasting
  6513 | D:4      | Reached XP level 7. HP: 32/32 MP: 8/16
  6627 | D:4      | Reached skill level 5 in Transmutations
  6742 | D:4      | Noticed Ijyb
  6750 | D:4      | Killed Ijyb
  7382 | D:4      | Reached skill level 6 in Transmutations
  7641 | D:5      | Entered Level 5 of the Dungeon
  7761 | D:5      | Found a staircase to the Ecumenical Temple.
  7779 | Temple   | Entered the Ecumenical Temple
  8071 | Temple   | Became a worshipper of Gozag Ym Sagoz the Greedy
  8163 | D:5      | Reached XP level 8. HP: 36/36 MP: 6/19
  8296 | D:5      | Learned a level 4 spell: Olgreb's Toxic Radiance
  8464 | D:5      | Found a shimmering blue altar of Sif Muna.
  8936 | D:5      | Found a burning altar of Makhleb.
  9154 | D:6      | Reached skill level 7 in Transmutations
  9228 | D:6      | Found a radiant altar of Vehumet.
  9842 | D:6      | Reached skill level 8 in Transmutations
  9854 | D:6      | Reached skill level 1 in Fire Magic
 10367 | D:6      | Found an ornate altar of the Wu Jian Council.
 10615 | D:7      | Found a burning altar of Makhleb.
 10645 | D:7      | Reached XP level 9. HP: 39/39 MP: 1/22
 10654 | D:7      | Got a thick robe
 10664 | D:7      | Identified the +2 robe of Refuge {Rampage Int+2} (You found
                  | it on level 7 of the Dungeon)
 10983 | D:7      | Found a white marble altar of Elyvilon.
 10984 | D:7      | Noticed Harold
 10990 | D:7      | Killed Harold
 10991 | D:7      | Reached skill level 9 in Transmutations
 11437 | D:7      | Found a shimmering altar of Xom.
 11674 | D:8      | Noticed Joseph
 11681 | D:8      | Killed Joseph
 12182 | D:8      | Reached XP level 10. HP: 44/44 MP: 13/24
 12366 | D:8      | Reached skill level 10 in Transmutations
 12463 | D:8      | Noticed Pikel
 12468 | D:8      | Killed Pikel
 12514 | D:8      | Noticed Grum
 12522 | D:8      | Killed Grum
 12523 | D:8      | Reached skill level 10 in Spellcasting
 13125 | D:9      | Found a staircase to the Lair.
 13234 | D:9      | Reached skill level 11 in Transmutations
 13334 | D:9      | Reached skill level 5 in Fire Magic
 13397 | D:9      | Found a broken altar of Ashenzari.
 13662 | D:9      | Reached XP level 11. HP: 48/48 MP: 1/26
 13694 | D:9      | Reached skill level 1 in Fighting
 14092 | D:9      | Found a burning altar of Makhleb.
 14185 | D:10     | Entered Level 10 of the Dungeon
 14190 | D:10     | Noticed Psyche
 14202 | D:10     | Killed Psyche
 14435 | D:10     | Reached skill level 10 in Poison Magic
 14805 | D:10     | Reached skill level 5 in Stealth
 14812 | D:10     | Reached skill level 5 in Dodging
 14913 | D:10     | Noticed a two-headed ogre
 14917 | D:10     | Killed a two-headed ogre
 15579 | D:11     | Noticed a seven-headed hydra
 15600 | D:11     | Killed a seven-headed hydra
 15661 | D:11     | Noticed a two-headed ogre
 15667 | D:11     | Killed a two-headed ogre
 15668 | D:11     | Reached skill level 12 in Transmutations
 15984 | D:11     | Learned a level 6 spell: Statue Form
 16023 | D:11     | Found a flagged portal.
 16148 | D:11     | Noticed a two-headed ogre
 16167 | D:11     | Killed a two-headed ogre
 16514 | D:11     | Identified the +8 great sword of the New World {venom,
                  | +Rage rElec Int+2}
 16518 | D:11     | Reached skill level 1 in Earth Magic
 16675 | D:11     | Noticed a green ugly thing
 16725 | D:11     | Killed a white ugly thing
 16873 | D:11     | Found a staircase to the Orcish Mines.
 17042 | D:12     | Noticed an unseen horror
 17043 | D:12     | Noticed Sonja
 17046 | D:12     | Killed Sonja
 17047 | D:12     | Reached XP level 12. HP: 53/56 MP: 17/28
 17057 | D:12     | Got an ancient bronze ring
 17058 | D:12     | Identified the ring "Layci" {rF- rN+ Str+6 Stlth+} (You
                  | found it on level 12 of the Dungeon)
 17113 | D:12     | Noticed Azrael
 17202 | Orc:1    | Entered Level 1 of the Orcish Mines
 17258 | Orc:1    | Noticed an orc warlord
 17265 | Orc:1    | Killed an orc warlord
 17266 | Orc:1    | Reached skill level 5 in Earth Magic
 17328 | Orc:1    | Noticed Gastronok
 17336 | Orc:1    | Killed Gastronok
 17826 | Orc:2    | Entered Level 2 of the Orcish Mines
 17968 | Orc:2    | Noticed Saint Roka
 17985 | Orc:2    | Reached skill level 1 in Evocations
 17994 | Orc:2    | Killed Saint Roka
 18430 | Orc:2    | Found a staircase to the Elven Halls.
 18589 | Orc:2    | Reached XP level 13. HP: 46/60 MP: 17/29
 18982 | Orc:2    | Reached skill level 5 in Evocations
 19200 | Orc:2    | Reached skill level 5 in Staves
 19433 | Orc:2    | Found Patetabb's Distillery.
 19436 | Orc:2    | Found Reivvic's Assorted Antiques.
 19437 | Orc:2    | Found Itaer's Assorted Antiques.
 19438 | Orc:2    | Found Genunn's Armour Shop.
 19445 | Orc:2    | Bought a potion of magic for 136 gold pieces
 19445 | Orc:2    | Bought a potion of heal wounds for 85 gold pieces
 19445 | Orc:2    | Bought a potion of curing for 51 gold pieces
 19445 | Orc:2    | Bought a potion of haste for 170 gold pieces
 19445 | Orc:2    | Bought a potion of invisibility for 136 gold pieces
 19582 | D:11     | Bought a scroll labelled MECLIN QEOPN for 20 gold pieces
 19659 | D:9      | Learned a level 5 spell: Bolt of Magma
 19688 | Lair:1   | Entered Level 1 of the Lair of Beasts
 20538 | Lair:2   | Found a frozen archway.
 20547 | Lair:2   | Reached skill level 1 in Conjurations
 20568 | IceCv    | Entered an ice cave
 21053 | IceCv    | Noticed a frost giant
 21061 | IceCv    | Killed a frost giant
 22150 | Lair:2   | Found a staircase to the Swamp.
 22552 | Lair:2   | Reached XP level 14. HP: 67/67 MP: 19/30
 24447 | Lair:4   | Found a hole to the Spider Nest.
 25356 | Lair:4   | Bought a glowing lajatang for 684 gold pieces
 25644 | Lair:4   | Reached skill level 10 in Stealth
 25819 | Lair:4   | Bought a runed quarterstaff for 266 gold pieces
 26010 | Lair:5   | Found the +8 whip "Snakebite" {curare, rPois}
 26235 | Lair:5   | Noticed Josephine
 26245 | Lair:5   | Killed Josephine
 26246 | Lair:5   | Reached skill level 10 in Evocations
 26518 | Lair:5   | Reached skill level 1 in Air Magic
 26518 | Lair:5   | Reached skill level 10 in Earth Magic
 27068 | Lair:5   | Reached skill level 13 in Transmutations
 27375 | Lair:6   | Entered Level 6 of the Lair of Beasts
 27375 | Lair:6   | Found a viscous altar of Jiyva.
 27379 | Lair:6   | Found a staircase to the Slime Pits.
 27426 | Lair:5   | HP: 3/87 [death yak (18)]
 27426 | Lair:5   | Mangled by a death yak

Illustrated notes

Levels and vault maps discovered:
D:1:      kb_arrival_jail, layout_rooms, serial_bayou_pond_d,
          chequers_serial_rivers_room_a
D:2:      layout_rooms, serial_undead, serial_undead_c, serial_undead_f,
          serial_undead_f, serial_undead_e, serial_undead_e, serial_undead_e,
          serial_undead_a
D:3:      corexii_shack_village, layout_basic, cheibrodos_sewer_entry_drain,
          grunt_ministairs_8, kennysheep_path_1, uniq_terence, uniq_robin
D:4:      layout_gridville, fedhas_bush_and_centaur_altar, minmay_crossroads,
          uniq_ijyb
D:5:      layout_basic, old_standard_altar, minmay_temple_entry_mini_moons,
          minmay_misc_feat_iff, makhleb_heckhound_becter
D:6:      minmay_recursive_quarters, layout_basic, kennysheep_little_box,
          pdpol_wu_jian_five_deadly_venoms, chequers_mini_garden
D:7:      layout_basic, elyvilon_altar_3, kennysheep_mini_moat, basic_altar,
          minmay_misc_feat_four_crosses, uniq_harold
D:8:      layout_loops_ring, uniq_grum, uniq_joseph, uniq_pikel
D:9:      layout_irregular_city, nicolae_overflow_hidden_temple,
          overflow_temple_1_default, minmay_lair_entry_grove, serial_rivers,
          chequers_serial_rivers_micro_b, chequers_serial_rivers_micro_b,
          chequers_serial_rivers_micro_a, chequers_serial_rivers_micro_e
D:10:     layout_rooms, special_room [special_room_orc], uniq_psyche
D:11:     layout_roguey, orc_0_dummy, enter_bailey_5
D:12:     layout_basic, nicolae_dithmenos_the_darkroom, uniq_frances,
          uniq_sonja, uniq_azrael
Temple:   dpeg_chambers_temple
Lair:1:   layout_regular_city, cheibrodos_lair_caveside_slide
Lair:2:   layout_layer_cave, minmay_swamp_entry_worms,
          portal_ice_cave_entry_imps, serial_bayou_shore_a,
          minmay_lair_oklob_chamber, lemuel_fruit_fields
Lair:3:   layout_long_grid, lemuel_fruit_fields, infiniplex_staircase_pool_2
Lair:4:   layout_long_grid, nicolae_spider_entry_tight_spaces, enter_volcano_4,
          grunt_megastairs_1, serial_bayou_shore_b, infiniplex_staircase_pool
Lair:5:   minmay_guarded_unrand_snakebite, layout_cave_shapes,
          gammafunk_lair_bear_cave, uniq_josephine
Lair:6:   wormcave, layout_regular_city, guppyfry_lair_end_dragon,
          slime_altar_1, amcnicky_mini_pool_medium, grunt_megastairs_2,
          serial_bayou_shore_b
Orc:1:    layout_diamond_mine, uniq_gastronok
Orc:2:    st_orc_pillars, layout_caves, uniq_saint_roka

Skill      XL: |  1  2  3  4  5  6  7  8  9 10 11 12 13 14 |
---------------+-------------------------------------------+-----
Spellcasting   | 3 4 5 6 8 9 10 11 | 11.7
Poison Magic   | 4 5 6 7 8 9 10 | 10.4
Transmutations | 2 3 4 6 8 9 11 12 13 | 13.0
Fire Magic     | 1 3 5 |  5.3
Dodging        | 4 7 |  7.0
Fighting       | 3 4 |  4.4
Stealth        | 7 8 10 | 10.6
Earth Magic    | 2 7 9 10 | 10.1
Staves         | 4 5 6 |  6.5
Evocations     | 4 8 10 | 10.3
Conjurations   | 3 4 |  4.6
Air Magic      | 1 |  1.3

Action                   |  1- 3 |  4- 6 |  7- 9 | 10-12 | 13-15 || total
-------------------------+-------+-------+-------+-------+-------++-------
Melee: Dagger            |       |    99 |    90 |    28 |    11 ||   228
       Lajatang          |       |       |       |    97 |   372 ||   469
       Quarterstaff      |       |       |       |       |    35 ||    35
 Cast: Sting             |    85 |    49 |    30 |    21 |     4 ||   189
       Poisonous Vapours |       |    89 |    42 |       |     6 ||   137
       Ignite Poison     |       |    10 |    53 |   122 |    92 ||   277
       Mephitic Cloud    |       |     1 |    11 |    31 |     5 ||    48
       Olgreb's Toxic Ra |       |       |    22 |    94 |    81 ||   197
       Statue Form       |       |       |       |    10 |    51 ||    61
       Bolt of Magma     |       |       |       |       |     4 ||     4
Invok: Potion Petition   |       |       |     1 |       |     2 ||     3
       Call Merchant     |       |       |       |       |     3 ||     3
Evoke: Wand              |       |       |     3 |    10 |     2 ||    15
       Lightning rod     |       |       |       |     5 |     1 ||     6
       Box of beasts     |       |       |       |       |     3 ||     3
       Phantom mirror    |       |       |       |       |     1 ||     1
  Use: Scroll            |       |       |       |    18 |    11 ||    29
       Potion            |       |       |       |     3 |     9 ||    12
 Stab: Sleeping          |       |     5 |     3 |     4 |     5 ||    17
       Distracted        |       |       |     1 |     1 |     5 ||     7
       Invisible         |       |       |       |     1 |       ||     1
       Paralysed         |       |       |       |       |     2 ||     2
Armor: Robe              |     5 |     9 |    14 |     7 |     1 ||    36
       Skin              |       |       |     2 |    26 |   371 ||   399
Dodge: Dodged            |    58 |   109 |   107 |   266 |  1037 ||  1577
Block: Other             |     9 |    31 |    28 |       |       ||    68
       Reflection        |       |     4 |       |       |       ||     4

Table legend: (Time is in decaauts)
 A = Elapsed time spent in this place.
 B = Non-inter-level travel time spent in this place.
 C = Inter-level travel time spent in this place.
 D = Time resting spent in this place.
 E = Time spent auto-exploring this place.
 F = Levels seen in this place.
 G = Mean time per level.
                   A        B        C        D        E       F      G
               +--------+--------+--------+--------+--------+-----+--------+
         Total |  24095 |  23664 |    431 |   4051 |  14897 |  23 | 1047.6 |
       Dungeon |  13033 |  12744 |    289 |   2734 |   7731 |  12 | 1086.1 |
        Temple |    194 |    182 |     12 |      0 |    126 |   1 |  194.0 |
          Lair |   6595 |   6503 |     92 |    123 |   5033 |   6 | 1099.2 |
  Orcish Mines |   2249 |   2211 |     38 |    741 |    935 |   2 | 1124.5 |
         Sewer |    968 |    968 |      0 |    221 |    607 |   1 |  968.0 |
      Ice Cave |   1055 |   1055 |      0 |    231 |    463 |   1 | 1055.0 |
               +--------+--------+--------+--------+--------+-----+--------+

Top non-repeatable levels by time:
  Lair:2: 1862 daAuts
     D:3: 1764 daAuts
  Lair:5: 1621 daAuts
  Lair:4: 1559 daAuts
     D:1: 1440 daAuts
    D:11: 1373 daAuts
   Orc:2: 1294 daAuts
     D:4: 1264 daAuts
     D:2: 1130 daAuts
     D:9: 1099 daAuts
     D:6: 1089 daAuts
   IceCv: 1055 daAuts
     D:8: 1043 daAuts
    D:10: 1026 daAuts
   Sewer: 968 daAuts
